 Dungeon Crawl Stone Soup version 0.27-a0-909-g0721f309d1 (webtiles) character file.

Game seed: 12341780373974421629

10453 jasper the Agent of Entropy (level 11, 0/135 HPs)
             Began as a Demonspawn Artificer on Apr 8, 2021.
             Was a Priest of Lugonu.
             Slain by a manticore (4 damage)
             ... on level 11 of the Dungeon.
             The game lasted 00:19:47 (13288 turns).

jasper the Agent of Entropy (Demonspawn Artificer) Turns: 13288, Time: 00:19:48

Health: 0/135      AC: 25    Str: 15    XL:     11   Next: 36%
Magic:  10/19      EV:  2    Int: 13    God:    Lugonu [***...]
Gold:   1674       SH: 10    Dex: 14    Spells: 5/10 levels left

rFire    . . .     SeeInvis +     - Unarmed
rCold    . . .     Faith    .   r - +0 buckler
rNeg     + + +     Spirit   .   (armour currently unavailable)
rPois    +         Reflect  +   (helmet currently unavailable)
rElec    .         Harm     .   (cloak currently unavailable)
rCorr    .         Rampage  .   (gloves unavailable)
Will     .....     NoTele   +   (boots currently unavailable)
Stlth    ++........             u - amulet of reflection
HPRegen  0.32/turn              d - ring of see invisible
MPRegen  0.32/turn              (no ring)

@: tree-form, spiked
A: stationary, stasis, torment immunity, boosted hp, (claws 3), repulsion field
2, powered by death 1, magic regeneration
a: Renounce Religion, Depart the Abyss, Bend Space, Banish


You were on level 11 of the Dungeon.
You worshipped Lugonu.
Lugonu was most pleased with you.
You were a tree.
You visited 1 branch of the dungeon, and saw 11 of its levels.

You collected 1674 gold pieces.

Inventory:

Hand Weapons
 a - a +1 club
 g - a +0 hand axe
 h - a +0 mace
Missiles
 c - 269 stones
 m - 6 throwing nets
 w - 39 poisoned darts (quivered)
 z - 10 boomerangs
 C - 4 curare-tipped darts
Armour
 b - a +0 leather armour
 f - a +0 ring mail
 k - a +3 leather armour of poison resistance (melded)
 r - a +0 buckler (worn)
 s - a +1 helmet (melded)
 v - a scarf of invisibility
 G - a +0 tower shield
 K - a +2 cloak (melded)
Jewellery
 d - a ring of see invisible (left branch)
 u - an amulet of reflection (around neck)
 B - an amulet of regeneration
 H - an amulet of faith
Wands
 e - a wand of random effects (5)
 y - a wand of polymorph (10)
Scrolls
 i - 2 scrolls of enchant weapon
 j - 2 scrolls of silence
 p - a scroll of enchant armour
 E - a scroll of amnesia {unknown}
 F - a scroll of immolation
 I - a scroll of torment {unknown}
 J - a scroll of vulnerability {unknown}
Potions
 l - 3 potions of attraction
 n - 4 potions of haste
 o - a potion of flight
 q - a potion of mutation
 t - a potion of berserk rage
 x - 2 potions of invisibility
 A - a potion of lignification
 D - 2 potions of brilliance


   Skills:
 + Level 10.0 Fighting
 - Level 1.0 Axes
 - Level 2.2 Armour
 + Level 1.1 Dodging
 - Level 0.8 Stealth
 + Level 4.0 Shields
 * Level 10.1 Unarmed Combat
 + Level 0.4 Translocations
 + Level 0.4 Ice Magic
 - Level 11.1 Invocations
 - Level 3.0 Evocations


You had 5 spell levels left.
You knew the following spells:

 Your Spells              Type           Power      Damage    Failure   Level
a - Ozocubu's Armour      Ice            1%         N/A       61%         3
b - Blink                 Tloc           N/A        N/A       36%         2

Your spell library contained the following spells:

 Spells                   Type           Power      Damage    Failure   Level
 Freeze                   Ice            4%         1d3       26%         1
 Magic Dart               Conj           0%         1d3       30%         1
 Call Imp                 Summ           0%         N/A       43%         2
 Slow                     Hex            0%         N/A       43%         2
 Frozen Ramparts          Ice            2%         1d2       61%         3
 Conjure Flame            Conj/Fire      0%         6-21      67%         3
 Mephitic Cloud           Conj/Pois/Air  0%         N/A       67%         3
 Hailstorm                Conj/Ice       0%         3d3       96%         4
 Summon Ice Beast         Ice/Summ       0%         N/A       96%         4
 Bolt of Magma            Conj/Fire/Erth 0%         4d4       100%        5
 Iskenderun's Battlesphe  Conj           0%         2d6       100%        5
 Iron Shot                Conj/Erth      0%         9d1       100%        6
 Orb of Destruction       Conj           0%         N/A       100%        7
 Spellforged Servitor     Conj/Summ      0%         N/A       100%        7


Dungeon Overview and Level Annotations

Branches:
Dungeon (11/15)            Temple (0/1) D:7             Orc (0/2) D:10
   Lair: D:8-11

Altars:
Ashenzari
Dithmenos
Fedhas
Gozag
Okawaru
Qazlal
Sif Muna
Trog
Uskayaw
Vehumet
Wu Jian
Xom
Yredelemnul
Lugonu

Shops:
D:8 (

Annotations:
D:5 1 runed translucent door, Cheivey's ghost, novice MiFi
D:11 exclusion: 3 oklob plants


Innate Abilities, Weirdness & Mutations

You are a tree.
Your roots penetrate the ground, keeping you stationary.
You cannot be teleported.
You are immune to unholy pain and torment.
Your maximum health is greatly increased.
Your equipment is partially melded.
((You have claws for hands.))
You are surrounded by a moderate repulsion field. (EV +3)
You regenerate a little health from kills.
You regenerate magic rapidly.


Message History

The orc wizard hits you but does no damage.
The barbs in your skin will harm you if you move.
Continue?
Okay, then.
The barbs in your skin will harm you if you move.
Continue?
You barely miss the orc wizard. The orc wizard closely misses you.
The manticore bites you.
* * * LOW HITPOINT WARNING * * *
The manticore claws you but does no damage.
The manticore claws you.
* * * LOW HITPOINT WARNING * * *
The orc wizard closely misses you.
You take 5 damage, and have 6/90 hp.
Okay, then.
You are too confused!
Unknown command.
Really quaff the potion of lignification?
You turn into a tree.
Your +2 cloak melds into your body.
Your +1 helmet melds into your body.
Your +3 leather armour of poison resistance melds into your body.
You no longer feel resistant to poison.
Your roots penetrate the ground.
You feel yourself speed up.
You feel less confused. You block the manticore's attack. x2
The manticore claws you but does no damage.
The orc wizard hits you but does no damage.
The manticore bites you but does no damage.
The manticore claws you but does no damage.
The manticore claws you!
* * * LOW HITPOINT WARNING * * *
You now have 3/135 hp.
Okay, then.
Press: ? - help, Shift-Dir - straight line, f/p - manticore
Aim: a manticore (translocational energy, chance to affect: 75%)
The manticore struggles to resist.
You can no longer corrupt the fabric of space.
The orc wizard points at itself and mumbles some strange words.
The orc wizard flickers and vanishes for a moment.
You block the manticore's attack.
The manticore claws you but does no damage.
The manticore claws you.
You die...

######### ........#
.######.# .# #.#
†######.###########.####
.....##.##...WTH♣o......
.#..........#######.###.
.#...##.##...##
.######.#.....#
........##...##
.##########.## .# #.#
.#### #.# ....# ##'##


You could see a manticore, a troll, a wraith and an orc wizard (invisible).

Vanquished Creatures
  Harold (D:10)
  A two-headed ogre (D:7)
  Erica (D:10)
  3 slime creatures
  An unseen horror (D:11)
  3 meliai (D:10)
  A troll (D:10)
  Grinder (D:5)
  2 wraiths
  3 yaks (D:10)
  Eustachio (D:6)
  2 vampire mosquitoes (D:11)
  A steam dragon (D:10)
  An acid dragon (D:11)
  2 water moccasins
  2 sky beasts
  6 orc warriors
  2 black bears (D:5)
  6 ogres
  2 necrophages
  8 kobold brigands
  2 bullfrogs
  4 gnoll sergeants
  3 scorpions
  A water moccasin zombie (D:5)
  A water moccasin skeleton (D:4)
  2 howler monkeys (D:8)
  6 wights
  2 bullfrog zombies (D:6)
  3 hounds (D:4)
  3 jellies (D:7)
  4 orc priests
  9 orc wizards
  An iguana (D:6)
  2 hound skeletons
  4 adders
  11 gnolls
  A white imp (D:6)
  3 ufetubi
  An adder skeleton (D:4)
  2 worms
  3 dart slugs
  25 orcs
  14 endoplasms
  A giant cockroach (D:1)
  8 goblins
  8 hobgoblins
  4 jackals (D:1)
  3 quokkas
  7 ball pythons
  5 bats
  5 frilled lizards
  17 kobolds
  A quokka skeleton (D:4)
  3 rats
219 creatures vanquished.

Vanquished Creatures (collateral kills)
  An ogre (D:5)
  An orc priest (D:4)
  An adder (D:3)
  An orc (D:4)
  An endoplasm (D:4)
5 creatures vanquished.

Vanquished Creatures (others)
  2 orc warriors (D:7)
  A scorpion (D:7)
  A jelly (D:4)
  An orc priest (D:7)
  An orc (D:3)
  8 fungi (D:7)
  A plant (D:11)
  5 toadstools (D:7)
20 creatures vanquished.

Grand Total: 244 creatures vanquished

Notes
Turn   | Place    | Note
-------+----------+-------------------------------------------
     0 | D:1      | jasper the Demonspawn Artificer began the quest for the
                  | Orb.
     0 | D:1      | Reached XP level 1. HP: 15/15 MP: 1/1
   200 | D:1      | Reached skill level 1 in Axes
   200 | D:1      | Gained mutation: You have sharp fingernails. [demonic
                  | ancestry]
   200 | D:1      | Reached XP level 2. HP: 11/21 MP: 2/2
   653 | D:1      | Found a faded altar of an unknown god.
   662 | D:1      | Became a worshipper of Lugonu the Unformed
   662 | D:1      | Reached * piety under Lugonu
   662 | D:1      | Reached ** piety under Lugonu
   915 | D:1      | Reached skill level 1 in Unarmed Combat
  1001 | D:1      | Reached XP level 3. HP: 25/26 MP: 3/3
  1232 | D:2      | Reached skill level 1 in Invocations
  1789 | D:3      | Found a shadowy altar of Dithmenos.
  1969 | D:3      | Found a hide-covered altar of Uskayaw.
  2123 | D:3      | Gained mutation: You regenerate magic rapidly. [demonic
                  | ancestry]
  2123 | D:3      | Reached XP level 4. HP: 33/33 MP: 4/4
  2264 | D:3      | Reached *** piety under Lugonu
  2883 | D:3      | Found a blossoming altar of Fedhas.
  3565 | D:4      | Gained mutation: You have very sharp fingernails. [demonic
                  | ancestry]
  3565 | D:4      | Reached XP level 5. HP: 36/39 MP: 5/5
  4001 | D:4      | Found an opulent altar of Gozag.
  4639 | D:4      | Gained mutation: You are surrounded by a mild repulsion
                  | field. (EV +2) [demonic ancestry]
  4639 | D:4      | Reached XP level 6. HP: 41/47 MP: 6/6
  4799 | D:5      | Entered Level 5 of the Dungeon
  4799 | D:5      | Noticed a sky beast
  4851 | D:4      | Killed a sky beast
  5330 | D:5      | Found a runed translucent door.
  5330 | D:5      | Noticed Cheivey's ghost (novice MiFi)
  5389 | D:5      | Reached XP level 7. HP: 47/54 MP: 7/7
  5464 | D:5      | Noticed Grinder
  5473 | D:5      | Paralysed by Grinder for 3 turns
  5480 | D:5      | Killed Grinder
  5481 | D:5      | Reached skill level 5 in Unarmed Combat
  5598 | D:5      | Found a basalt altar of Yredelemnul.
  5658 | D:5      | Reached skill level 5 in Fighting
  5974 | D:5      | Gained mutation: You have claws for hands. [demonic
                  | ancestry]
  5974 | D:5      | Reached XP level 8. HP: 35/62 MP: 8/8
  6242 | D:6      | Identified a scroll of acquirement
  6242 | D:6      | Acquired 1010 gold pieces
  6252 | D:6      | Noticed Eustachio
  6379 | D:6      | Found an ornate altar of the Wu Jian Council.
  6413 | D:6      | Killed Eustachio
  7545 | D:7      | Found an iron altar of Okawaru.
  7600 | D:7      | Found a stormy altar of Qazlal.
  7623 | D:7      | Reached **** piety under Lugonu
  7783 | D:7      | Found a radiant altar of Vehumet.
  7815 | D:7      | Learned a level 3 spell: Ozocubu's Armour
  7818 | D:7      | Learned a level 2 spell: Blink
  7859 | D:7      | Found a staircase to the Ecumenical Temple.
  8036 | D:7      | Noticed a slime creature
  8036 | D:7      | Noticed a slime creature
  8054 | D:7      | Gained mutation: You are surrounded by a moderate repulsion
                  | field. (EV +3) [demonic ancestry]
  8054 | D:7      | Reached XP level 9. HP: 55/71 MP: 9/9
  8144 | D:7      | Killed a large slime creature
  8350 | D:7      | Found a shimmering altar of Xom.
  8397 | D:7      | Noticed a two-headed ogre
  8411 | D:7      | Killed a two-headed ogre
  8412 | D:7      | Reached skill level 10 in Unarmed Combat
  8645 | D:8      | Reached skill level 2 in Invocations
  8651 | D:8      | Reached skill level 3 in Invocations
  9258 | D:8      | Found Uvahaj's Weapon Emporium.
  9292 | D:8      | Reached skill level 4 in Invocations
  9292 | D:8      | Gained mutation: You regenerate a little health from kills.
                  | [demonic ancestry]
  9292 | D:8      | Reached XP level 10. HP: 58/78 MP: 11/13
  9835 | D:9      | Found a bloodstained altar of Trog.
 10401 | D:9      | Reached skill level 5 in Invocations
 10419 | D:9      | Found Opeqov's Assorted Antiques.
 10458 | D:10     | Entered Level 10 of the Dungeon
 10583 | D:10     | Reached skill level 6 in Invocations
 10583 | D:10     | Noticed Harold
 10610 | D:10     | Killed Harold
 10611 | D:10     | Reached skill level 10 in Fighting
 10635 | D:10     | HP: 3/85 [something (7)]
 10637 | D:10     | HP: 1/85 [something (2)]
 10644 | D:10     | HP: 1/85 [something (2)]
 10646 | D:10     | Reached skill level 7 in Invocations
 11049 | D:10     | Found a staircase to the Orcish Mines.
 11058 | D:10     | Reached skill level 8 in Invocations
 11073 | D:10     | Reached skill level 9 in Invocations
 11082 | D:10     | Reached skill level 10 in Invocations
 11344 | D:10     | Reached XP level 11. HP: 79/90 MP: 18/18
 11877 | D:10     | Reached skill level 11 in Invocations
 11937 | D:10     | Reached skill level 1 in Shields
 11965 | D:10     | Found a broken altar of Ashenzari.
 12009 | D:10     | Noticed Erica
 12017 | D:10     | Killed Erica
 12493 | D:10     | Found a shimmering blue altar of Sif Muna.
 13061 | D:11     | Noticed an oklob plant
 13061 | D:11     | Noticed an oklob plant
 13106 | D:11     | Noticed an oklob plant
 13281 | D:11     | Reached skill level 1 in Dodging
 13287 | D:11     | HP: 3/135 [manticore (7)]
 13288 | D:11     | Slain by a manticore

Illustrated notes

Levels and vault maps discovered:
D:1:      grunt_arrival_lava_bath, layout_rooms,
          chequers_ecumenical_altar_simple, minmay_unequal
D:2:      layout_rooms, due_unseen_surprise
D:3:      layout_basic, amcnicky_altar_gilded, fedhas_altar_fruit_tree,
          nicolae_uskayaw_dance_hall, corexii_shack, kennysheep_generic_room_7
D:4:      wander_river, layout_basic, nicolae_gozag_seed_capital
D:5:      layout_cave_pools, yredelemnul_altar_generic,
          hellmonk_ghost_happy_afterlife, minivault_11,
          hangedman_decor_opposing, uniq_grinder
D:6:      layout_cave_pods, nicolae_wu_jian_immortal_techniques,
          roderic_lattice_a, uniq_eustachio
D:7:      cheibrodos_fertilizer, layout_rooms, xom_confusion_cloud,
          lemuel_crystal_altar, nicolae_qazlal_scattered_showers,
          vehumet_crystals, minmay_temple_entry_trees
D:8:      layout_rooms, serial_shops, shop_statue, chequers_decorated_corner
D:9:      layout_roguey, bloody_trog, serial_shops, kennysheep_mini_moat
D:10:     layout_loops_corners, nicolae_overflow_crystal_walls,
          nicolae_sif_muna_condensation, kennysheep_orc_monster_closet_entryway,
          uniq_erica, uniq_harold
D:11:     layout_loops_corners, dpeg_oklobed_lair, minmay_protected_statue

Skill      XL: |  1  2  3  4  5  6  7  8  9 10 11 |
---------------+----------------------------------+-----
Axes           | 1 |  1.0
Armour         | 2 |  2.2
Unarmed Combat | 1 3 4 6 8 10 | 10.1
Invocations    | 1 4 10 11 | 11.1
Fighting       | 2 3 4 5 6 8 10 | 10.0
Shields        | 4 |  4.0
Dodging        | 1 |  1.1
Stealth        | |  0.8
Translocations | |  0.4
Ice Magic      | |  0.4
Evocations     | |  3.0

Action                   |  1- 3 |  4- 6 |  7- 9 | 10-12 || total
-------------------------+-------+-------+-------+-------++-------
Melee: Hand axe          |   137 |    69 |       |       ||   206
       Unarmed           |     6 |   132 |   218 |   189 ||   545
       Punch             |     1 |     5 |     7 |     1 ||    14
Throw: Dart              |       |    14 |    54 |    14 ||    82
Invok: Banish            |       |       |       |     6 ||     6
Evoke: Wand              |    17 |     6 |    27 |    25 ||    75
  Use: Potion            |       |     5 |     3 |     5 ||    13
       Scroll            |       |     8 |     4 |     8 ||    20
 Stab: Petrified         |       |     5 |     9 |       ||    14
       Distracted        |       |       |     1 |       ||     1
       Paralysed         |       |       |    16 |       ||    16
       Invisible         |       |       |       |     4 ||     4
       Sleeping          |       |       |       |     1 ||     1
Armor: Ring mail         |    84 |    67 |    30 |       ||   181
       Skin              |       |    13 |    11 |     5 ||    29
       Leather armour    |       |       |    33 |    50 ||    83
Dodge: Dodged            |   113 |    92 |    97 |    97 ||   399
Block: Other             |       |    22 |    41 |     1 ||    64
       Reflection        |       |       |     3 |     1 ||     4
       Buckler           |       |       |       |    75 ||    75

Table legend: (Time is in decaauts)
 A = Elapsed time spent in this place.
 B = Non-inter-level travel time spent in this place.
 C = Inter-level travel time spent in this place.
 D = Time resting spent in this place.
 E = Time spent auto-exploring this place.
 F = Levels seen in this place.
 G = Mean time per level.
                   A        B        C        D        E       F      G
               +--------+--------+--------+--------+--------+-----+--------+
         Total |  13329 |  12935 |    394 |   2905 |   7772 |  11 | 1211.7 |
       Dungeon |  13329 |  12935 |    394 |   2905 |   7772 |  11 | 1211.7 |
               +--------+--------+--------+--------+--------+-----+--------+

Top non-repeatable levels by time:
    D:10: 2082 daAuts
     D:4: 1989 daAuts
     D:3: 1893 daAuts
     D:6: 1268 daAuts
     D:8: 1231 daAuts
     D:1: 1139 daAuts
     D:7: 1097 daAuts
     D:5: 953 daAuts
     D:9: 814 daAuts
    D:11: 521 daAuts
     D:2: 338 daAuts
